 Dungeon Crawl Stone Soup version 0.29.1-2-gbd0b4ee654 (webtiles) character file.

Game seed: 6669891409615485705

1578 Earthwalker the Covered (level 8, -20/73 HPs)
             Began as a Minotaur Fighter on Oct 24, 2022.
             Was an Initiate of Okawaru.
             Demolished by a two-headed ogre
             ... wielding a +0 giant club
              (30 damage)
             ... on level 6 of the Dungeon.
             The game lasted 00:12:19 (6906 turns).

Earthwalker the Covered (Minotaur Fighter)          Turns: 6906, Time: 00:12:20

Health: -20/73     AC:  8    Str: 22    XL:     8   Next: 60%
Magic:  7/7        EV:  9    Int:  5    God:    Okawaru [......]
Gold:   195        SH:  5    Dex: 11    Spells: 7/7 levels left

rFire   . . .      SeeInvis .   a - +0 war axe
rCold   . . .      Faith    .   c - +0 buckler
rNeg    . . .      Spirit   .   b - +0 scale mail
rPois   .          Reflect  .   (helmet restricted)
rElec   .          Harm     .   (no cloak)
rCorr   .          Rampage  .   (no gloves)
Will    .....                   (no boots)
Stlth   ..........              (no amulet)
HPRegen 0.22/turn               (no ring)
MPRegen 0.10/turn               (no ring)

@: no status effects
A: horns 2, retaliatory headbutt
a: Renounce Religion


You were on level 6 of the Dungeon.
You worshipped Okawaru.
Okawaru was noncommittal.
You visited 2 branches of the dungeon, and saw 7 of its levels.

You collected 294 gold pieces.
You spent 99 gold pieces at shops.

Inventory:

Hand Weapons
 a - a +0 war axe (weapon)
Missiles
 q - 8 poisoned darts
 x - 4 boomerangs (quivered)
Armour
 b - a +0 scale mail (worn)
 c - a +0 buckler (worn)
Jewellery
 u - an amulet of magic regeneration
Wands
 l - a wand of polymorph (8)
 r - a wand of light (12)
 y - a wand of paralysis (10)
Scrolls
 f - a scroll of silence {unknown}
 g - 2 scrolls of blinking {unknown}
 h - 2 scrolls of fear {unknown}
 j - 2 scrolls of immolation
 k - a scroll of enchant weapon {unknown}
 m - 5 scrolls of teleportation
 n - a scroll of brand weapon {unknown}
 o - a scroll of noise
 p - 2 scrolls of magic mapping {unknown}
 s - 3 scrolls of identify
 w - a scroll of amnesia {unknown}
 A - a scroll of torment {unknown}
Potions
 d - 6 potions of might
 e - a potion of degeneration {unknown}
 i - 2 potions of haste {unknown}
 t - a potion of curing
 v - a potion of flight {unknown}
 z - a potion of attraction {unknown}


   Skills:
 + Level 7.4 Fighting
 + Level 6.8 Axes
 + Level 7.5 Armour
 + Level 7.4 Shields


You had 7 spell levels left.
You didn't know any spells.
Your spell library contained the following spells:

 Spells                   Type           Power      Damage    Failure   Level
 Beastly Appendage        Tmut           0%         N/A       85%         1
 Poisonous Vapours        Pois/Air       0%         N/A       94%         2
 Wereblood                Tmut           0%         N/A       94%         2
 Spider Form              Tmut/Pois      0%         N/A       99%         3
 Corpse Rot               Necr/Pois/Air  0%         N/A       100%        4
 Malign Gateway           Summ/Tloc      Unusable   N/A       N/A         7
 Summon Horrible Things   Summ           Unusable   N/A       N/A         8

Dungeon Overview and Level Annotations

Branches:
Dungeon (6/15)             Temple (1/1) D:6

Altars:
Ashenzari
Cheibriados
Dithmenos
Fedhas
Gozag
Okawaru
Qazlal
Uskayaw
Vehumet
Xom
Yredelemnul
Zin
The Shining One

Shops:
D:3 ??**(   D:5 *!   D:6 *

Annotations:
D:3 3 runed translucent doors, H0rd4k's ghost, amateur OpTm
D:4 1 runed translucent door, Crazy Yiuf


Innate Abilities, Weirdness & Mutations

You have a pair of horns on your head.
You reflexively headbutt those who attack you in melee.


Message History

a +0 whip; a +0 scale mail; an orc corpse
p - 2 scrolls labelled NUXTEY YZIT (gained 1)
s - 3 scrolls of identify (gained 1)
You see here a +0 robe.
A - a scroll labelled YXKOR ICLAB You open the door.
There is an open door here.
There is an open door here.
A two-headed ogre comes into view.
It is wielding a +0 giant club and a +0 giant spiked club.
The two-headed ogre shouts in stereo!
You throw a boomerang.
The boomerang hits the two-headed ogre but does no damage.
You hit the two-headed ogre.
The two-headed ogre is lightly wounded.
The two-headed ogre hits you with a +0 giant club!
The two-headed ogre barely misses you.
You barely miss the two-headed ogre.
The two-headed ogre is lightly wounded.
You hit the two-headed ogre.
The two-headed ogre is lightly wounded.
The two-headed ogre hits you with a +0 giant club!
The two-headed ogre hits you with a +0 giant spiked club.
You slash the two-headed ogre!
The two-headed ogre is moderately wounded.
The two-headed ogre barely misses you. You furiously retaliate!
You headbutt the two-headed ogre.
The two-headed ogre hits you with a +0 giant spiked club!!
You are too injured to fight recklessly!
You slash the two-headed ogre!
The two-headed ogre is severely wounded.
The two-headed ogre barely misses you. The two-headed ogre closely misses you.
You barely miss the two-headed ogre.
The two-headed ogre is severely wounded.
The two-headed ogre hits you with a +0 giant club!
The two-headed ogre hits you with a +0 giant spiked club!
* * * LOW HITPOINT WARNING * * *
You hit the two-headed ogre but do no damage.
The two-headed ogre is severely wounded.
The two-headed ogre hits you with a +0 giant club!!
You die...

#.##..~~~........##########
##.###......#.#.###
######..# #........#.# ##
§≈≈≈..### ####.#####.# ##.
§§..≈.# #### #.# ##..
≈§≈.≈.# . #.# #..≈ ...§≈.#
#. #.# #... ._.≈≈.# ###.###
#.# ###.≈. ...≈≈.#
#...O@###.#######...≈≈
≈≈≈.≈.#
#.#.#.............)...
....≈.# #
###.....######..≈≈ ≈≈≈≈..#
##...## #..≈. ##### ##.##
#.... #.# ##..≈ #.. #.#
##.. #.# ##'## ##. #.#
##...## ##


You could see a two-headed ogre.

Vanquished Creatures
  Sigmund (D:4)
  2 black bears
  2 ogres
  A centaur (D:6)
  A phantom (D:5)
  Blork the orc (D:4)
  2 scorpions
  4 orc priests
  4 hounds
  6 iguanas
  5 orc wizards
  4 adders
  6 gnolls
  A white imp (D:5)
  3 worms
  A dart slug (D:3)
  15 orcs
  5 bats
  4 endoplasms
  A giant cockroach (D:2)
  A goblin (D:3)
  6 hobgoblins
  7 jackals (D:1)
  12 kobolds
  5 quokkas
  5 ball pythons
  2 frilled lizards
  8 rats
115 creatures vanquished.

Vanquished Creatures (others)
  2 fungi (D:4)
2 creatures vanquished.

Grand Total: 117 creatures vanquished

Notes
Turn   | Place    | Note
-------+----------+-------------------------------------------
     0 | D:1      | Earthwalker the Minotaur Fighter began the quest for the
                  | Orb.
     0 | D:1      | Reached XP level 1. HP: 19/19 MP: 0/0
   117 | D:1      | Reached XP level 2. HP: 27/27 MP: 1/1
   670 | D:1      | Reached XP level 3. HP: 33/33 MP: 2/2
  1310 | D:2      | Found a faded altar of an unknown god.
  1884 | D:3      | Reached XP level 4. HP: 17/40 MP: 3/3
  2216 | D:3      | Found Ushrooh's Magic Scroll Emporium.
  2266 | D:3      | Found Duhase Sunno's General Store.
  2301 | D:3      | Found a runed translucent door.
  2301 | D:3      | Noticed H0rd4k's ghost (amateur OpTm)
  2329 | D:3      | Found Rulugekk's Weapon Boutique.
  2353 | D:3      | Found Inaulad's General Store.
  2382 | D:3      | Found Coaloga's Magic Scroll Shop.
  2391 | D:3      | Bought a scroll of noise for 10 gold pieces
  2391 | D:3      | Bought a scroll of identify for 20 gold pieces
  2391 | D:3      | Bought a scroll of teleportation for 30 gold pieces
  2441 | D:3      | Found a large runed translucent door.
  2441 | D:3      | Found a large runed translucent door.
  2453 | D:3      | Found a shimmering altar of Xom.
  2636 | D:3      | Found a basalt altar of Yredelemnul.
  2870 | D:4      | Reached XP level 5. HP: 47/47 MP: 4/4
  2924 | D:4      | Reached skill level 5 in Armour
  2925 | D:4      | Reached skill level 5 in Fighting
  2925 | D:4      | Reached skill level 5 in Shields
  3270 | D:4      | Reached XP level 6. HP: 56/56 MP: 5/5
  3292 | D:4      | Noticed Sigmund
  3300 | D:4      | Killed Sigmund
  3465 | D:4      | Noticed Blork the orc
  3471 | D:4      | Killed Blork the orc
  3472 | D:4      | Reached XP level 7. HP: 47/62 MP: 6/6
  3476 | D:4      | Reached skill level 5 in Axes
  3927 | D:4      | Found a runed translucent door.
  3928 | D:4      | Noticed Crazy Yiuf
  3977 | D:5      | Entered Level 5 of the Dungeon
  3977 | D:5      | Found Wiheajat's Distillery.
  4225 | D:5      | Bought a potion of curing for 39 gold pieces
  4879 | D:5      | Reached XP level 8. HP: 55/71 MP: 7/7
  5228 | D:5      | Found a shadowy altar of Dithmenos.
  5244 | D:5      | Found Cumos's Lightly-Used Armoury.
  6089 | D:6      | Found a snail-covered altar of Cheibriados.
  6200 | D:6      | Found Cputuif's Commerce Corner.
  6296 | D:6      | Found an opulent altar of Gozag.
  6534 | D:6      | Found a staircase to the Ecumenical Temple.
  6542 | Temple   | Entered the Ecumenical Temple
  6673 | Temple   | Became a worshipper of Warmaster Okawaru
  6718 | D:6      | Found a hide-covered altar of Uskayaw.
  6898 | D:6      | Noticed a two-headed ogre
  6906 | D:6      | Demolished by a two-headed ogre

Illustrated notes

Levels and vault maps discovered:
D:1:      elethiomel_arrival_shortcut, layout_basic, st_stairs_12
D:2:      layout_rooms, basic_ecumenical_altar
D:3:      due_chaos_kobolds, layout_rooms, mainiacjoe_overflow_alcove_1,
          serial_shops, shop_scrolls, nicolae_lakefront_shop, shop,
          nicolae_shop_hallway_stairs, shop, hellmonk_ghost_happy_afterlife
D:4:      layout_basic, uniq_crazy_yiuf_cottage, uniq_blork_the_orc,
          uniq_sigmund
D:5:      layout_cave_pods, grunt_dithmenos_smoke, serial_shops, shop,
          minmay_shop_damaged, chequers_serial_rivers_micro_a, bh_walls_and_bars
D:6:      layout_loops_corners, mainiacjoe_overflow_paths,
          trog_three_pillars_becter, cheibriados_altar_1,
          mainiacjoe_overflow_small_starburst, nicolae_sif_muna_little_library,
          minmay_temple_entry_mist, nicolae_alphabet_shops,
          minmay_misc_feat_five
Temple:   nicolae_temple_godpark

Skill      XL: |  1  2  3  4  5  6  7  8 |
---------------+-------------------------+-----
Armour         | 4 5 6 7 |  7.5
Shields        | 4 5 6 7 |  7.4
Fighting       | 4 5 6 7 |  7.4
Axes           | 3 4 5 6 |  6.8

Action                   |  1- 3 |  4- 6 |  7- 9 || total
-------------------------+-------+-------+-------++-------
Melee: War axe           |    74 |    69 |   139 ||   282
       Headbutt          |     5 |    18 |    25 ||    48
Throw: Dart              |       |     3 |     8 ||    11
       Boomerang         |       |       |     1 ||     1
  Use: Scroll            |       |     1 |       ||     1
Armor: Scale mail        |    36 |    24 |    39 ||    99
Dodge: Dodged            |    42 |    39 |    52 ||   133
Block: Buckler           |    14 |    20 |    31 ||    65
